 Dungeon Crawl Stone Soup version 0.28-b1-1-g3c77fb2ed1 (webtiles) character file.

Game seed: 16625017654654919648

1301 styxcanada the Covert (level 8, 0/40 HPs)
             Began as a Spriggan Brigand on Jan 28, 2022.
             Killed from afar by an orc wizard (8 damage)
             ... with a magic dart
             ... on level 6 of the Dungeon.
             The game lasted 00:18:02 (5679 turns).

styxcanada the Covert (Spriggan Brigand)            Turns: 5679, Time: 00:18:02

Health: 0/40       AC:  4    Str:  7    XL:     8   Next: 31%
Magic:  13/13      EV: 18    Int: 13    God:
Gold:   237        SH:  6    Dex: 18    Spells: 9/13 levels left

rFire   . . .      SeeInvis +   u - +3 dagger (drain)
rCold   . . .      Faith    .   n - +0 buckler
rNeg    + . .      Spirit   .   b - +0 robe
rPois   .          Reflect  .   (helmet restricted)
rElec   .          Harm     .   c - +1 cloak
rCorr   .          Rampage  .   (gloves unavailable)
Will    +....                   (boots unavailable)
Stlth   +++++.....              (no amulet)
HPRegen 0.13/turn               j - ring of positive energy
MPRegen 0.13/turn               (no ring)

@: very quick
A: very small, no large weapons, unfitting armour, see invisible, speed 3
a: no special abilities


You were on level 6 of the Dungeon.
You visited 2 branches of the dungeon, and saw 7 of its levels.

You collected 237 gold pieces.

Inventory:

Hand Weapons
 a - a +2 dagger
 o - a +0 hunting sling
 u - a +3 dagger of draining (weapon)
Missiles
 d - 6 poisoned darts (quivered)
 e - 2 curare-tipped darts
 g - 128 stones
 v - 6 boomerangs
Armour
 b - a +0 robe (worn)
 c - a +1 cloak (worn)
 n - a +0 buckler (worn)
Jewellery
 j - a ring of positive energy (left hand)
Scrolls
 k - a scroll of enchant weapon
Potions
 f - 2 potions of haste
 h - a potion of berserk rage
 i - a potion of might
 l - a potion of cancellation
 p - 2 potions of heal wounds
 q - 3 potions of ambrosia
 r - 2 potions of flight {unknown}
 t - a potion of mutation {unknown}
 w - a potion of curing {unknown}


   Skills:
 * Level 3.0 Fighting
 + Level 3.9 Short Blades
 + Level 1.0(2.5) Slings
 + Level 3.1(3.2) Throwing
 * Level 4.3 Dodging
 * Level 10.4 Stealth
 * Level 2.0 Shields
 * Level 3.2 Spellcasting
 * Level 1.7 Conjurations
 * Level 1.2 Air Magic
 * Level 1.8 Poison Magic


You had 9 spell levels left.
You knew the following spells:

 Your Spells              Type           Power      Damage    Failure   Level
a - Magic Dart            Conj           24%        1d4       22%         1
b - Mephitic Cloud        Conj/Pois/Air  6%         N/A       58%         3

Your spell library contained the following spells:

 Spells                   Type           Power      Damage    Failure   Level
 Call Imp                 Summ           2%         N/A       56%         2


Dungeon Overview and Level Annotations

Branches:
Dungeon (6/15)             Temple (1/1) D:4

Altars:
Ashenzari
Cheibriados
Dithmenos
Elyvilon
Fedhas
Hepliaklqana
Kikubaaqudgha
Makhleb
Nemelex Xobeh
Okawaru
Qazlal
Ru
Sif Muna
Trog
Uskayaw
Vehumet
Wu Jian
Xom
Yredelemnul
Zin
The Shining One
Lugonu

Portals:
Abyss: D:3

Annotations:
D:3 3 runed translucent doors, zeram's ghost, amateur OpFi


Innate Abilities, Weirdness & Mutations

You are very small and have problems with some larger weapons.
You are too small for most types of armour.
You have supernaturally acute eyesight. (SInv)
You cover ground extremely quickly. (Speed+++)


Message History

The orc wizard is almost dead.
Throw: 7 darts (poison)
Press: ? - help, Q - select action, (/) - cycle Shift-Dir - straight line, f/p - orc wizard
Aim: an orc wizard, wielding a +0 dagger and wearing a +0 robe (almost dead, slightly transparent, heavily drained, 56% to hit)
You throw a poisoned dart. The poisoned dart hits the orc priest.
The orc priest looks even sicker.
The orc priest is moderately wounded.
The orc priest calls upon Beogh to heal the orc priest.
The orc wizard is healed somewhat.
You closely miss the orc priest.
The orc priest is heavily wounded.
The orc priest barely misses you.
You closely miss the orc priest.
The orc priest is severely wounded.
The orc priest closely misses you.
You hit the orc priest but do no damage.
The orc priest is severely wounded.
The orc wizard looks more healthy.
You block the orc priest's attack.
You hit the orc priest but do no damage.
You drain the orc priest.
You kill the orc priest!
The orc wizard seems less drained.
The orc priest mumbles some strange prayers to Beogh against you.
The orc wizard writhes in agony!
The orc wizard dies!
The orc wizard hits you with a +0 dagger.
The orc priest mumbles some strange prayers to Beogh against you.
Beogh smites you!
* * * LOW HITPOINT WARNING * * *
Things that are here:
a +0 club; a +0 leather armour You hit the orc wizard.
You drain the orc wizard.
The orc wizard is severely wounded.
The orc wizard hits you with a +0 dagger.
* * * LOW HITPOINT WARNING * * *
You barely miss the orc wizard.
The orc wizard is severely wounded.
The orc wizard points at you and mumbles some strange words.
The magic dart hits you!
You die...

#...≈.≈ #.....##....
...≈.≈##.....##....
.....#.'.....''.... ...
#.#.....##.... ...
#.########.... #.# #.# #....
#.# #.########.... #.#
#........#.... # #@#
#........##... #.####++#### #o#
#........##... #..........###)#
#.#########... #........ooo##o#
#.#########...
#.$.....(.#.##(###.##..........
#......)..#......#'##........##
#...(.....##..(..............#
#.........##.................#
#############.≈≈≈....#..######


You could see an orc priest and an orc wizard (invisible, drained).

Vanquished Creatures
  An orc warrior (D:6)
  An ice beast (D:6)
  2 sky beasts
  A necrophage (D:4)
  4 scorpions
  A water moccasin zombie (D:5)
  4 orc priests
  2 hounds
  A bullfrog skeleton (D:5)
  A gnoll shaman (D:5)
  An iguana (D:5)
  3 orc wizards
  A hound skeleton (D:4)
  5 gnolls (D:5)
  5 adders
  A shadow imp (D:6)
  An ufetubus (D:5)
  2 worms
  3 dart slugs
  13 orcs
  6 ball pythons
  3 endoplasms
  4 giant cockroaches
  8 goblins
  6 hobgoblins
  4 jackals
  A quokka (D:1)
  A bat (D:3)
  A frilled lizard (D:2)
  5 kobolds
  6 rats
  A lurking horror (D:3)
99 creatures vanquished.

Vanquished Creatures (others)
  An orc wizard (D:6)
  4 toadstools (D:1)
5 creatures vanquished.

Grand Total: 104 creatures vanquished

Notes
Turn   | Place    | Note
-------+----------+-------------------------------------------
     0 | D:1      | styxcanada the Spriggan Brigand began the quest for the
                  | Orb.
     0 | D:1      | Reached XP level 1. HP: 10/10 MP: 2/2
    52 | D:1      | Reached skill level 6 in Stealth
   336 | D:1      | Reached XP level 2. HP: 15/15 MP: 3/3
  1034 | D:2      | Reached XP level 3. HP: 18/18 MP: 4/4
  1128 | D:2      | Reached skill level 7 in Stealth
  1388 | D:2      | Identified the +0 ring mail of the Sunfish {rF+ MP+9 Dex+2}
  1774 | D:2      | Found a faded altar of an unknown god.
  2021 | D:3      | Found a runed translucent gate.
  2021 | D:3      | Found a runed translucent gate.
  2021 | D:3      | Found a runed translucent gate.
  2031 | D:3      | Noticed zeram's ghost (amateur OpFi)
  2104 | D:3      | Reached XP level 4. HP: 21/23 MP: 5/5
  2440 | D:3      | Learned a level 1 spell: Magic Dart
  2801 | D:3      | Found a corrupted altar of Lugonu.
  2802 | D:3      | Found a one-way gate to the infinite horrors of the Abyss.
  3115 | D:4      | Reached XP level 5. HP: 23/26 MP: 6/6
  3276 | D:4      | Found a staircase to the Ecumenical Temple.
  3287 | Temple   | Entered the Ecumenical Temple
  3618 | D:4      | Reached skill level 8 in Stealth
  3633 | D:4      | Noticed a necrophage
  3638 | D:4      | Killed a necrophage
  3639 | D:4      | Reached skill level 1 in Shields
  3639 | D:4      | Reached skill level 1 in Spellcasting
  3639 | D:4      | Reached XP level 6. HP: 31/31 MP: 8/8
  3653 | D:4      | Reached skill level 1 in Slings
  3729 | D:4      | Reached skill level 9 in Stealth
  3789 | D:4      | Reached skill level 1 in Conjurations
  4185 | D:5      | Entered Level 5 of the Dungeon
  4226 | D:5      | Reached XP level 7. HP: 19/35 MP: 10/10
  4517 | D:5      | Learned a level 3 spell: Mephitic Cloud
  5460 | D:6      | Reached skill level 10 in Stealth
  5460 | D:6      | Reached skill level 1 in Poison Magic
  5464 | D:6      | Reached skill level 1 in Air Magic
  5464 | D:6      | Reached XP level 8. HP: 39/39 MP: 13/13
  5679 | D:6      | Killed from afar by an orc wizard

Illustrated notes

Levels and vault maps discovered:
D:1:      ldierk_walled_garden_2, layout_rooms
D:2:      layout_loops_ring, shapermc_ecumenical_altar_mp_vishouse,
          serial_park_tiny_2, minmay_mini_jars
D:3:      layout_basic, ebering_ghost_rock_garden,
          amcnicky_altar_lugonu_corruption
D:4:      layout_rooms, minmay_temple_entry_overgrown, minmay_tree_intersection
D:5:      layout_loops_corners
D:6:      layout_basic, overflow_temple_1_default, serial_rivers,
          chequers_serial_rivers_micro_d, chequers_serial_rivers_small_b,
          chequers_serial_rivers_large_b, chequers_serial_rivers_micro_e,
          chequers_serial_rivers_micro_d, kennysheep_generic_room_5
Temple:   regret_index_temple_sigil_plot

Skill      XL: |  1  2  3  4  5  6  7  8 |
---------------+-------------------------+-----
Stealth        | 6 7 8 9 10 | 10.4
Fighting       | 2 3 |  3.0
Dodging        | 2 4 |  4.3
Short Blades   | 3 |  3.9
Shields        | 1 2 |  2.0
Spellcasting   | 1 3 |  3.2
Slings         | 1 |  1.0
Conjurations   | 1 |  1.7
Throwing       | 3 |  3.1
Poison Magic   | 1 |  1.8
Air Magic      | 1 |  1.2

Action                   |  1- 3 |  4- 6 |  7- 9 || total
-------------------------+-------+-------+-------++-------
Melee: Dagger            |    77 |   123 |    97 ||   297
 Fire: Hunting sling     |     5 |     2 |       ||     7
Throw: Dart              |    28 |    26 |    12 ||    66
  Use: Scroll            |       |     9 |     1 ||    10
 Stab: Sleeping          |    13 |    13 |     8 ||    34
Armor: Robe              |    10 |    12 |     6 ||    28
Dodge: Dodged            |    33 |    51 |    63 ||   147
Block: Buckler           |     8 |    23 |    21 ||    52
